 Dungeon Crawl Stone Soup version 0.31.0-4-g52a2dc7128 (webtiles) character file.

Game seed: 10304287374535218908

51 Jase the Chopper (level 3, -4/31 HPs)
             Began as a Hill Orc Monk on Jan 22, 2024.
             Slain by a gnoll
             ... wielding a +0 club
              (7 damage)
             ... on level 2 of the Dungeon.
             The game lasted 00:01:00 (685 turns).

Jase the Chopper (Hill Orc Monk)                     Turns: 685, Time: 00:01:02

Health: -4/31      AC:  2    Str: 15    XL:     3   Next: 83%
Magic:  3/3        EV: 12    Int: 10    God:
Gold:   117        SH:  0    Dex: 13    Spells: 2/2 levels left

rFire   . . .        a - +0 hand axe
rCold   . . .        d - orb {light}
rNeg    . . .        b - +0 robe
rPois   .            (no helmet)
rElec   .            (no cloak)
rCorr   .            (no gloves)
SInv    +            (no boots)
Will    .....        (no amulet)
Stlth   +            n - ring of see invisible
HPRegen 0.25/turn    (no ring)
MPRegen 0.08/turn

%: no passive effects
@: glowing
A: no striking features
a: no special abilities


You were on level 2 of the Dungeon.
You visited 1 branch of the dungeon, and saw 2 of its levels.

You collected 117 gold pieces.

Inventory:

Hand Weapons
 a - a +0 hand axe (weapon)
Missiles
 k - 14 stones (quivered)
Armour
 b - a +0 robe (worn)
 d - an orb of light (worn)
Jewellery
 n - a ring of see invisible (left hand)
Scrolls
 f - 2 scrolls of identify {unknown}
 g - 2 scrolls of fog {unknown}
 i - a scroll of revelation {unknown}
 l - a scroll of immolation {unknown}
 m - a scroll of enchant weapon {unknown}
Potions
 c - a potion of ambrosia
 e - 2 potions of might {unknown}
 h - a potion of enlightenment {unknown}
 j - a potion of curing {unknown}
 o - a potion of haste {unknown}


   Skills:
 - Level 3.6 Fighting
 + Level 6.2 Axes
 - Level 2.4 Dodging


You had 2 spell levels left.
You didn't know any spells.
Your spell library was empty.

Dungeon Overview and Level Annotations

Branches:
Dungeon (2/15)

Altars:


Message History

You hit the adder.
The adder is almost dead.
The adder barely misses you.
You barely miss the adder.
The adder is almost dead.
The adder closely misses you. The adder misses you.
You hit the adder.
You kill the adder!
No target in view!
No target in view!
Found a stone staircase leading up.
Found a stone staircase leading down.
o - a black potion You now have 117 gold pieces (gained 9).
You see here a +1 mace of pain.
A gnoll comes into view. It is wielding a +0 halberd.
A gnoll comes into view. It is wielding a +0 club.
The gnoll shouts!
A gnoll comes into view.
It is wielding a +0 whip of electrocution.
The gnoll shouts!
The gnoll hits you with a +0 halberd!
You hit the gnoll.
The gnoll is heavily wounded.
The gnoll closely misses you.
You hit the gnoll.
The gnoll is severely wounded.
You hit the gnoll but do no damage. The gnoll completely misses you.
The gnoll hits you with a +0 club.
You hit the gnoll.
You kill the gnoll!
You barely miss the gnoll. The gnoll closely misses you.
Your Axes skill increases to level 6!
You hit the gnoll.
The gnoll is moderately wounded.
You hit the gnoll but do no damage.
The gnoll hits you with a +0 whip of electrocution.
You are electrocuted!
* * * LOW HITPOINT WARNING * * *
The gnoll hits you with a +0 club!
You die...

#.............<....
#.###..............
#.............>
#.)............
###..............
#................
###................
...................
###...g@..........
#...g).....$...
#....#########
#.... #.... #....
#.... #....


You could see 2 gnolls.

Vanquished Creatures
  A gnoll (D:2)
  2 adders (D:2)
  2 dart slugs
  3 ball pythons
  2 endoplasms
  5 goblins
  2 hobgoblins (D:1)
  A quokka (D:2)
  3 rats
21 creatures vanquished.

Notes
Turn   | Place    | Note
-------+----------+-------------------------------------------
     0 | D:1      | Jase the Hill Orc Monk began the quest for the Orb.
     0 | D:1      | Reached XP level 1. HP: 19/19 MP: 1/1
    98 | D:1      | Reached XP level 2. HP: 24/26 MP: 2/2
   234 | D:1      | Reached skill level 5 in Axes
   590 | D:2      | Reached XP level 3. HP: 24/31 MP: 3/3
   685 | D:2      | Reached skill level 6 in Axes
   685 | D:2      | Slain by a gnoll

Illustrated notes

Levels and vault maps discovered:
D:1:      scummos_arrival_simple_crosswalls, layout_rooms
D:2:      layout_basic, basic_altar, item_on_display_b

Skill      XL: |  1  2  3 |
---------------+----------+-----
Axes           | 5 6 |  6.2
Fighting       | |  3.6
Dodging        | |  2.4

Action                     || total
---------------------------++-------
  Melee: Hand axe          ||    56
 Armour: Robe              ||    26
  Dodge: Dodged            ||    32
